 Dungeon Crawl Stone Soup version 0.25-a0-492-g44cc58d149 (webtiles) character file.

Game seed: 12283861219486379331, levelgen mode: deterministic

31 kae the Skirmisher (level 3, 29/29 HPs)
             Began as a Demonspawn Fighter on Feb 11, 2020.
             Quit the game on level 1 of the Dungeon.
             The game lasted 00:00:29 (872 turns).

kae the Skirmisher (Demonspawn Fighter)              Turns: 872, Time: 00:00:30

Health: 29/29      AC:  6    Str: 16    XL:     3   Next: 7%
Magic:  3/3        EV:  6    Int:  9    God:
Gold:   24         SH:  8    Dex: 13    Spells: 2/2 levels left

rFire    + . .     SeeInvis .     - Unarmed
rCold    . . .     Gourm    .   b - +0 kite shield
rNeg     . . .     Faith    .   a - +0 scale mail
rPois    .         Spirit   .   (helmet restricted)
rElec    .         Reflect  .   (no cloak)
rCorr    .         Harm     .   (no gloves)
MR       .....                  (no boots)
Stlth    ..........             (no amulet)
HPRegen  0.09/turn              (no ring)
MPRegen  0.08/turn              (no ring)

@: no status effects
A: antennae 1, fire resistance 1
a: no special abilities


You were on level 1 of the Dungeon.
You were not hungry.

You visited 1 branch of the dungeon, and saw 1 of its levels.

You collected 24 gold pieces.

Inventory:

Armour
 a - a +0 scale mail (worn)
 b - a +0 kite shield (worn)
Scrolls
 g - a scroll of teleportation {unknown}
Potions
 c - 2 potions of might
 e - a potion of berserk rage {unknown}
 f - a potion of heal wounds {unknown}
 h - a potion of degeneration {unknown}
Comestibles
 d - a ration


   Skills:
 + Level 3.4 Fighting
 - Level 2.6 Armour
 - Level 2.6 Shields
 * Level 2.8 Unarmed Combat


You had 2 spell levels left.
You didn't know any spells.
Your spell library was empty.

Dungeon Overview and Level Annotations

Branches:
Dungeon (1/15)

Altars:


Innate Abilities, Weirdness & Mutations

You have a pair of small antennae on your head.
Your flesh is heat resistant. (rF+)


Message History

You kill the goblin!
You have reached level 3!
Your experience leads to an increase in your attributes!
Increase (S)trength, (I)ntelligence, or (D)exterity?
You feel agile.
Your demonic ancestry asserts itself...
A pair of antennae grows on your head!
You hit the dart slug.
The dart slug is heavily wounded.
The dart slug bites you but does no damage.
You hit the dart slug.
The dart slug is severely wounded.
The dart slug launches a dart at you. The slug dart hits you.
You hit the dart slug.
You kill the dart slug!
Items here: ) ††† a +0 club; a dart slug corpse; a goblin corpse; a jackal corpse You start resting.
HP restored.
Are you sure you want to abandon this character and quit the game? (Confirm with "yes".)

##.########
#.# #.# #.#
#.# #.# #.#
#.# #@#
..........#
######....#
.......
##...####
##.## #.#
#.#


There were no monsters in sight!

Vanquished Creatures
  A gnoll (D:1)
  An ooze (D:1)
  A dart slug (D:1)
  2 bats (D:1)
  A goblin (D:1)
  A hobgoblin (D:1)
  4 jackals (D:1)
  2 kobolds (D:1)
  A rat (D:1)
14 creatures vanquished.

Notes
Turn   | Place    | Note
-------+----------+-------------------------------------------
     0 | D:1      | kae the Demonspawn Fighter began the quest for the Orb.
     0 | D:1      | Reached XP level 1. HP: 18/18 MP: 1/1
   281 | D:1      | Gained mutation: Your flesh is heat resistant. (rF+)
                  | [demonic ancestry]
   281 | D:1      | Reached XP level 2. HP: 17/24 MP: 2/2
   712 | D:1      | Gained mutation: You have a pair of small antennae on your
                  | head. [demonic ancestry]
   712 | D:1      | Reached XP level 3. HP: 15/29 MP: 3/3
   872 | D:1      | Quit the game

Levels and vault maps discovered:
D:1:      minmay_arrival_open_corners, layout_loops_corners

Skill      XL: |  1 |
---------------+----+-----
Unarmed Combat | 2 |  2.8
Fighting       | |  3.4
Armour         | |  2.6
Shields        | |  2.6

Action                   || total
-------------------------++-------
Melee: Unarmed           ||   107
Armor: Scale mail        ||    48
Dodge: Dodged            ||    31
Block: Kite shield       ||    43

Table legend:
 A = Non-vault XP
 B = Vault XP
 C = Vault XP percentage of total XP
 D = Non-vault monster count
 E = Vault monster count
 F = Vault count percentage of total count
                 A         B        C        D         E       F
            +---------+---------+-------+---------+---------+-------
      Total |      45 |       0 |   0.0 |      14 |       0 |   0.0
            +---------+---------+-------+---------+---------+-------
        D:1 |      45 |       0 |   0.0 |      14 |       0 |   0.0
            +---------+---------+-------+---------+---------+-------
